 Dungeon Crawl Stone Soup version 0.18-a0-49-gd105b5a (webtiles) character file.

114 kosy22 the Skirmisher (level 4, 0/45 HPs)
             Began as a Troll Fighter on Nov 7, 2015.
             Slain by a worm (7 damage)
             ... on level 3 of the Dungeon.
             The game lasted 00:03:03 (1489 turns).

kosy22 the Skirmisher (Troll Fighter)               Turns: 1489, Time: 00:03:03

Health: 0/45       AC:  5    Str: 25    XL:     4   Next: 67%
Magic:  3/3        EV:  8    Int:  4    God:
Gold:   116        SH:  9    Dex:  9    Spells: 0 memorised, 3 levels left

rFire  . . .     SeeInvis .       - Unarmed
rCold  . . .     Clarity  .     a - +0 robe
rNeg   . . .     SustAt   .     b - +0 shield
rPois  .         Gourm    +     (helmet restricted)
rElec  .         Spirit   .     (no cloak)
rCorr  .         Warding  .     (gloves unavailable)
rMut   .         Stasis   .     (boots unavailable)
MR     .....                    (no amulet)
Stlth  +.........               (no ring)
                                (no ring)

@: not resistant to hostile enchantments, very unstealthy
A: unfitting armour, claws 3, fast metabolism 3, gourmand, regeneration 2,
shaggy fur 1, tough skin 2
a: no special abilities


You were on level 3 of the Dungeon.
You were not hungry.

You visited 1 branch of the dungeon, and saw 3 of its levels.

You collected 116 gold pieces.

Inventory:

Armour
 a - a +0 robe (worn)
 b - a +0 shield (worn)
Jewellery
 d - a +2 ring of evasion {unknown}
 i - an uncursed ring of see invisible {unknown}
Scrolls
 e - a scroll of remove curse {unknown}
 g - 3 scrolls of enchant weapon
 h - a scroll of fear {unknown}
 n - a scroll of recharging
 p - a scroll of fog
Potions
 c - a potion of might
 f - a potion of cancellation {unknown}
 j - a potion of heal wounds {unknown}
 k - a potion of poison {unknown}
 m - 3 potions of degeneration {unknown}
 o - a potion of haste {unknown}


   Skills:
 + Level 3.2 Fighting
 + Level 3.2 Dodging
 + Level 0.2 Stealth
 + Level 2.8 Shields
 + Level 2.5 Unarmed Combat


You had 3 spell levels left.
You didn't know any spells.

Dungeon Overview and Level Annotations

Branches:
Dungeon (3/15)

Altars:
Fedhas
Makhleb
Qazlal


Innate Abilities, Weirdness & Mutations

You are too large for most types of armour.
You have claws for hands.
Your metabolism is lightning-fast.
You like to eat raw meat.
You heal very quickly.
You are covered in fur (AC +1).
You have very tough skin (AC +2).


Message History

Items here: ( ))) [[[[ ††† You scratch the worm.
The worm is lightly wounded.
The worm bites you!
* * * LOW HITPOINT WARNING * * *
You claw the worm!
The worm is heavily wounded.
The orc closely misses you.
You scratch the worm.
The worm is heavily wounded.
The orc hits you.
* * * LOW HITPOINT WARNING * * *
You block the worm's attack. The orc hits you.
* * * LOW HITPOINT WARNING * * *
You scratch the worm.
The worm is severely wounded.
You barely miss the worm.
The worm is severely wounded.
You block the orc's attack. The worm bites you!
You die...

##### ..... ...........
###.#.... ...
.............# #.#
..##.###.#.#.# #w#
.............# #@#
..##.####.<..###o####.#.
.........!..............
..##.####....†.((.....#.
#..........#.###........
.......†...#+###.####.##
...#...#.......#.# #
...+...#.......#.#
#.##...#.........#


You could see a worm and an orc.

Vanquished Creatures
  2 orc wizards (D:3)
  3 adders
  A worm (D:2)
  2 orcs (D:3)
  A giant cockroach (D:2)
  4 goblins
  3 hobgoblins (D:2)
  6 kobolds
  4 bats
  A giant gecko (D:2)
  2 giant newts (D:2)
  9 rats
38 creatures vanquished.

Notes
Turn   | Place    | Note
--------------------------------------------------------------
     0 | D:1      | kosy22 the Troll Fighter began the quest for the Orb.
     0 | D:1      | Reached XP level 1. HP: 22/22 MP: 0/0
   557 | D:2      | Reached XP level 2. HP: 29/29 MP: 1/1
   571 | D:2      | Found a stormy altar of Qazlal.
   572 | D:2      | Found a burning altar of Makhleb.
   621 | D:2      | Found a blossoming altar of Fedhas.
   628 | D:2      | Reached XP level 3. HP: 36/36 MP: 2/2
   892 | D:2      | Reached skill level 3 in Fighting
  1466 | D:3      | Reached XP level 4. HP: 36/45 MP: 3/3
  1489 | D:3      | Slain by a worm

Vault maps used:
D:1:      dpeg_arrival_round_b
D:2:      forest_paths, grunt_temple_overflow_open
D:3:      gammafunk_temple_overflow_elements, uniq_jessica

Action                   |  1- 3 |  4- 6 || total
-------------------------+-------+-------++-------
Melee: Unarmed           |   114 |    21 ||   135
  Use: Scroll            |     5 |       ||     5
  Eat: Bread ration      |     2 |       ||     2
       Chunk             |     5 |       ||     5
